Map: Sanctuary III LE

Players

ViruS - Winner!

  • Race: Zerg Zerg
  • League: Grandmaster
  • Spawn Location: 7:00

RipNHammer

  • Race: Terran Terran
  • League: Master
  • Spawn Location: 1:00

VOD

Have the link to the VOD?

Description

Time

  • Played on: Sept. 5, 2026, 2:50 p.m.
  • Length: 17:12
Show
View Real Time Build Order
Export as new Build Order

ViruS Zerg - Winner!

Build Orders: Hatch First, Brood Lord Corruptor 

Get SALT Encoding   

  8  0:00  Drone  
  9  0:10  Drone  
  10  0:16  Drone  
  11  0:22  Drone  
  12  0:33  Overlord  
  12  0:52  Drone x3  
  15  1:12  Hatchery  
  15  1:15  Drone  
  15  1:19  Drone  
  15  1:24  Drone  
  17  1:39  Spawning Pool  
  16  1:40  Drone  
  16  1:42  Extractor  
  16  1:45  Drone  
  17  1:52  Drone  
  18  2:02  Drone  
  19  2:12  Overlord  
  19  2:26  Queen x2  
  19  2:28  Zergling x2  
  24  2:31  Zergling x2  
  25  2:38  Drone x2  
  27  2:44  Metabolic Boost  
  27  2:50  Drone x2  
  29  3:06  Overlord  
  29  3:08  Drone  
  29  3:09  Drone x2  
  31  3:22  Hatchery  
  31  3:24  Drone x2  
  33  3:27  Drone  
  33  3:33  Queen  
  35  3:36  Drone  
  35  3:40  Overlord  
  36  3:42  Drone  
  36  3:44  Drone  
  38  3:49  Drone  
  38  3:52  Overlord  
  39  3:59  Drone x2  
  39  4:00  Drone  
  42  4:06  Zergling x4  
  44  4:10  Zergling x6  
  44  4:12  Queen  
  49  4:17  Drone  
  49  4:18  Drone x3  
  49  4:21  Overlord  
  53  4:29  Drone  
  54  4:32  Overlord  
  52  4:39  Zergling x4  
  52  4:44  Drone x7  
  61  4:50  Drone x2  
  63  4:54  Overlord  
  63  4:57  Drone x2  
  61  5:14  Drone x3  
  61  5:15  Drone x2  
  61  5:16  Overlord  
  61  5:18  Spore Crawler, Lair  
  61  5:19  Queen  
  67  5:22  Extractor x2, Spore Crawler  
  67  5:27  Overlord  
  64  5:33  Overlord x2  
  64  5:34  Drone x2  
  66  5:37  Queen  
  66  5:39  Drone  
  66  5:40  Evolution Chamber  
  67  5:52  Spore Crawler  
  67  5:53  Zergling x2  
  67  5:54  Zergling x16  
  74  6:00  Drone  
  74  6:01  Drone  
  74  6:02  Extractor  
  74  6:03  Drone  
  76  6:13  Zerg Ground Armor Level 1  
  76  6:16  Hatchery  
  76  6:17  Overseer  
  75  6:19  Overseer  
  75  6:20  Queen  
  75  6:21  Drone x2  
  75  6:22  Drone x5  
  84  6:26  Drone  
  84  6:27  Baneling Nest  
  84  6:42  Overseer  
  80  6:48  Drone  
  80  6:49  Drone x3, Roach Warren  
  80  6:50  Zergling x16  
  88  7:04  Drone x5  
  88  7:06  Extractor  
  88  7:07  Overlord x2  
  88  7:08  Extractor  
  90  7:11  Evolution Chamber  
  90  7:15  Overlord x2  
  89  7:20  Drone x2  
  89  7:21  Drone  
  87  7:32  Drone x3  
  87  7:34  Roach x2  
  94  7:42  Glial Reconstitution  
  94  7:44  Zerg Missile Weapons Level 1  
  94  7:45  Overlord  
  94  7:46  Roach x5  
  94  7:47  Roach x3  
  106  7:55  Drone x2  
  105  8:03  Roach x2  
  103  8:09  Drone x6  
  103  8:10  Drone x2  
  103  8:12  Centrifugal Hooks  
  111  8:16  Infestation Pit, Roach x7  
  124  8:20  Ravager  
  124  8:21  Ravager x2  
  124  8:25  Overlord x2  
  127  8:28  Spine Crawler x2  
  127  8:29  Zerg Ground Armor Level 2  
  127  8:32  Overlord  
  125  8:40  Drone x2  
  127  8:41  Overlord  
  127  8:46  Drone x6  
  127  8:47  Drone  
  134  8:49  Drone x3  
  134  8:50  Drone x2  
  134  8:52  Drone x2  
  141  8:57  Ravager x3  
  141  8:58  Infestor  
  141  8:59  Spine Crawler  
  141  9:00  Infestor  
  141  9:02  Infestor  
  147  9:09  Roach x3  
  157  9:10  Roach  
  157  9:14  Overlord  
  157  9:15  Drone x2  
  157  9:17  Extractor  
  158  9:19  Spine Crawler  
  154  9:27  Hive  
  154  9:31  Roach x4  
  153  9:32  Roach x4  
  167  9:39  Overlord  
  167  9:40  Overlord x4  
  167  9:48  Drone  
  167  9:51  Overlord  
  168  10:00  Zergling x2  
  168  10:01  Hatchery, Zergling x26  
  168  10:02  Zergling x2  
  176  10:18  Roach  
  176  10:19  Roach x7  
  184  10:41  Roach  
  184  10:42  Roach x8  
  199  10:46  Burrow  
  199  10:47  Zerg Ground Armor Level 3  
  199  10:48  Zerg Missile Weapons Level 2  
  194  10:51  Spire  
  194  10:53  Drone x5  
  194  10:54  Drone, Ultralisk Cavern  
  190  11:06  Viper x3  
  187  11:32  Roach x3  
  185  11:41  Overseer x2  
  185  11:48  Chitinous Plating  
  185  11:50  Ultralisk  
  185  11:51  Ultralisk  
  197  11:57  Pneumatized Carapace  
  197  12:10  Greater Spire  
  197  12:14  Extractor  
  197  12:15  Extractor, Spine Crawler  
  194  12:16  Spine Crawler x2, Drone x3, Extractor  
  194  12:17  Drone x5  
  194  12:18  Spine Crawler  
  194  12:21  Roach  
  200  12:25  Hatchery  
  198  12:50  Roach x4  
  132  13:08  Corruptor x13  
  132  13:11  Roach  
  132  13:12  Roach x4  
  157  13:26  Zerg Flyer Armor Level 1  
  157  13:29  Zergling x24  
  169  13:38  Zergling x2  
  170  13:51  Brood Lord  
  170  13:52  Brood Lord x4  
  180  13:57  Brood Lord  
  180  14:02  Zergling x2  
  183  14:03  Zergling x14  
  183  14:09  Anabolic Synthesis  
  197  14:15  Brood Lord  
  192  14:26  Brood Lord x2  
  192  14:27  Brood Lord x2  
  200  14:37  Overseer  
  200  14:39  Overseer  
  200  14:40  Overseer  
  200  14:44  Extractor  
  199  14:51  Zergling x2, Infestor  
  200  14:56  Baneling x4  
  200  14:57  Baneling x2  
  200  14:58  Baneling x7  
  199  15:17  Overlord x3  
  190  15:57  Corruptor  
  190  15:58  Corruptor x5  
  192  16:17  Corruptor x6  
  184  16:40  Hatchery  
  184  16:44  Zergling x2  
  184  16:45  Zergling x16  
  200  16:49  Hatchery  
Show
View Real Time Build Order
Export as new Build Order

RipNHammer Terran 

Build Orders: Reaper Expand, Mech 

Get SALT Encoding   

  8  0:00  SCV  
  9  0:12  SCV  
  10  0:24  SCV  
  11  0:36  SCV  
  11  0:39  Supply Depot  
  12  0:49  SCV  
  13  0:52  Refinery  
  13  1:01  SCV  
  14  1:06  Barracks  
  14  1:13  SCV  
  15  1:25  SCV  
  16  1:37  SCV  
  17  1:52  Orbital Command  
  17  1:53  Reaper  
  18  2:08  Command Center  
  18  2:18  SCV  
  19  2:25  Factory  
  19  2:30  SCV  
  19  2:33  Barracks Reactor  
  20  2:39  Refinery  
  20  2:44  Supply Depot  
  20  2:48  SCV  
  21  3:05  SCV  
  22  3:15  Starport  
  22  3:18  SCV  
  23  3:26  Hellion x2  
  28  3:30  Orbital Command  
  28  3:32  SCV  
  28  3:39  Barracks Tech Lab  
  28  3:45  SCV  
  29  3:52  Hellion  
  29  3:55  Viking  
  33  3:56  SCV  
  33  4:00  SCV  
  35  4:07  Supply Depot  
  35  4:10  Hellion  
  35  4:16  SCV x2  
  39  4:28  SCV x2  
  39  4:40  SCV  
  35  4:47  Banshee, Cloaking Field  
  35  4:49  SCV  
  39  4:57  Command Center  
  39  5:00  Supply Depot  
  37  5:18  Supply Depot  
  37  5:21  SCV x2  
  37  5:22  Hellion  
  37  5:23  Hellion  
  43  5:30  Banshee  
  43  5:33  SCV  
  47  5:38  SCV  
  48  5:45  SCV  
  48  5:46  Hellion x2  
  53  5:50  SCV  
  53  5:53  Refinery  
  54  5:58  SCV  
  54  6:02  SCV, Supply Depot  
  56  6:05  Refinery  
  56  6:10  SCV  
  56  6:11  Hellion x2  
  61  6:12  Factory  
  61  6:14  SCV  
  62  6:19  Factory  
  62  6:22  SCV  
  62  6:23  SCV  
  64  6:27  SCV  
  65  6:33  Hellion  
  65  6:34  Hellion, SCV  
  64  6:49  SCV x2  
  64  6:54  SCV  
  64  6:55  Hellion x2  
  69  7:01  SCV  
  69  7:03  Factory Tech Lab  
  69  7:04  Cyclone  
  69  7:05  Mag-Field Accelerator  
  69  7:08  SCV  
  74  7:15  SCV  
  75  7:16  Hellion  
  75  7:18  Refinery  
  75  7:20  SCV  
  75  7:22  Cyclone  
  83  7:23  Hellion, Refinery  
  83  7:27  SCV  
  84  7:32  SCV  
  85  7:38  Hellion  
  85  7:39  Supply Depot  
  85  7:40  Supply Depot  
  85  7:42  Siege Tank  
  85  7:43  SCV  
  91  7:54  Cyclone  
  91  7:57  Hellion  
  91  8:03  SCV x2  
  91  8:06  Orbital Command  
  91  8:10  Infernal Pre-Igniter  
  90  8:14  Siege Tank  
  90  8:15  SCV  
  90  8:17  SCV  
  90  8:18  Factory  
  95  8:20  Factory  
  95  8:26  Cyclone  
  98  8:27  SCV  
  98  8:29  Supply Depot x2, SCV  
  98  8:32  Engineering Bay  
  100  8:35  Hellion x2  
  100  8:37  Supply Depot  
  100  8:39  SCV  
  105  8:44  SCV x2  
  105  8:46  Supply Depot, Siege Tank  
  105  8:48  Command Center  
  110  8:56  Hellion  
  110  8:58  SCV x2  
  110  8:59  Siege Tank, SCV  
  118  9:03  Armory  
  118  9:06  Armory  
  118  9:12  Factory Tech Lab  
  118  9:13  Factory Tech Lab  
  118  9:19  Cyclone  
  121  9:30  Liberator  
  121  9:31  Siege Tank  
  126  9:38  Cyclone, Siege Tank  
  132  9:39  Hellion x2  
  132  9:41  SCV  
  132  9:45  Supply Depot x2  
  137  9:51  Siege Tank  
  140  9:54  Supply Depot  
  140  9:55  Missile Turret  
  140  10:00  Hellion  
  140  10:03  Cyclone  
  145  10:08  Hellion  
  145  10:09  Terran Vehicle Weapons Level 1, Terran Vehicle And Ship Armor Level 1  
  145  10:10  Cyclone, Siege Tank  
  148  10:21  Hellion  
  148  10:23  Cyclone  
  140  10:29  Hellion  
  140  10:35  Siege Tank  
  131  10:42  Cyclone, Siege Tank  
  126  10:48  Hellion  
  115  10:55  Cyclone  
  115  10:56  Missile Turret  
  118  11:03  SCV x2  
  119  11:07  Command Center, Siege Tank  
  119  11:10  Hellion x2  
  126  11:14  Cyclone, Siege Tank  
  118  11:27  Cyclone  
  118  11:31  Refinery  
  118  11:32  Refinery  
  115  11:39  Siege Tank  
  116  11:41  Hellion  
  116  11:45  Hellion  
  116  11:46  Cyclone x2  
  126  11:54  Factory x2  
  126  11:59  Cyclone  
  127  12:03  Hellion  
  127  12:05  Terran Vehicle Weapons Level 2, Terran Vehicle And Ship Armor Level 2  
  127  12:07  Hellion  
  131  12:10  Starport Reactor  
  131  12:11  Siege Tank  
  134  12:18  Supply Depot, Cyclone  
  134  12:19  Siege Tank  
  140  12:31  Cyclone  
  143  12:43  Siege Tank  
  125  13:04  Cyclone, Siege Tank, Hellion  
  117  13:09  Cyclone, Hellion  
  117  13:10  Liberator x2  
  117  13:11  SCV  
  126  13:15  Siege Tank  
  125  13:20  Supply Depot  
  125  13:24  Supply Depot  
  125  13:35  SCV x2  
  127  13:43  Command Center  
  127  13:45  Cyclone  
  127  13:46  Factory Tech Lab, Factory Reactor  
  127  13:47  Widow Mine, Hellion  
  134  13:53  Missile Turret  
  134  13:55  Liberator  
  137  14:04  Cyclone  
  137  14:05  Siege Tank, Hellion  
  137  14:07  Refinery x2  
  145  14:13  Missile Turret  
  145  14:14  Missile Turret, Supply Depot  
  145  14:15  Cyclone  
  145  14:16  Hellion, SCV  
  151  14:18  Siege Tank  
  151  14:19  Supply Depot, SCV  
  155  14:24  Planetary Fortress  
  155  14:27  SCV  
  156  14:33  Missile Turret  
  156  14:35  Supply Depot  
  156  14:37  Missile Turret  
  156  14:42  Command Center  
  156  14:43  Supply Depot  
  156  14:45  SCV  
  157  14:55  Sensor Tower  
  157  15:04  Missile Turret  
  157  15:05  Cyclone, Hellion  
  157  15:06  Hellion, SCV  
  168  15:10  Hellion  
  179  15:20  Thor x4  
  193  15:30  Viking x2  
  171  15:53  Cyclone, Hellion  
  172  16:03  Siege Tank  
  158  16:06  Cyclone, Siege Tank  
  158  16:07  Hellion  
  158  16:12  Viking  
  158  16:13  Viking  
  133  16:35  SCV x2  
Tags
 
Add a new tag
Caveats
  • Supply blocks, unpowered buildings, or Contaminate may cause inaccurate times.
  • Supply counts are checked every 10 seconds.